 Dungeon Crawl Stone Soup version 0.27-a0-972-gd1521fd518 (webtiles) character file.

Game seed: 16747092939813728263

176 Morbidden the Insei (level 5, 0/42 HPs)
             Began as a Draconian Transmuter on Apr 13, 2021.
             Slain by a gnoll
             ... wielding a +0 club
              (7 damage)
             ... on level 3 of the Dungeon.
             The game lasted 00:05:14 (3458 turns).

Morbidden the Insei (Draconian Transmuter)          Turns: 3458, Time: 00:05:15

Health: 0/42       AC:  5    Str: 12    XL:     5   Next: 30%
Magic:  9/9        EV: 12    Int: 14    God:
Gold:   201        SH:  0    Dex: 12    Spells: 8/9 levels left

rFire    . . .     SeeInvis .     - Unarmed
rCold    . . .     Faith    .   (no shield)
rNeg     . . .     Spirit   .   (armour unavailable)
rPois    .         Reflect  .   (helmet restricted)
rElec    .         Harm     .   (no cloak)
rCorr    .         Rampage  .   (no gloves)
Will     .....                  (no boots)
Stlth    +.........             (no amulet)
HPRegen  0.14/turn              (no ring)
MPRegen  0.11/turn              (no ring)

@: flying
A: AC +5, unfitting armour, cold-blooded
a: no special abilities


You were on level 3 of the Dungeon.
You visited 1 branch of the dungeon, and saw 4 of its levels.

You collected 201 gold pieces.

Inventory:

Jewellery
 i - a ring of fire
Scrolls
 c - a scroll of identify {unknown}
 d - a scroll of immolation {unknown}
 f - a scroll of enchant weapon {unknown}
 g - a scroll of magic mapping {unknown}
Potions
 a - a potion of lignification {unknown}
 b - 3 potions of flight
 h - a potion of mutation {unknown}


   Skills:
 * Level 2.5 Fighting
 + Level 1.2 Throwing
 + Level 2.2 Dodging
 + Level 0.4 Stealth
 + Level 3.9 Unarmed Combat
 * Level 2.8 Spellcasting
 * Level 2.8 Transmutations


You had 8 spell levels left.
You knew the following spells:

 Your Spells              Type           Power      Damage    Failure   Level
a - Beastly Appendage     Tmut           18%        N/A       7%          1

Your spell library contained the following spells:

 Spells                   Type           Power      Damage    Failure   Level
 Wereblood                Tmut           9%         N/A       11%         2
 Spider Form              Tmut/Pois      2%         N/A       36%         3
 Ice Form                 Ice/Tmut       5%         N/A       77%         4
 Hydra Form               Tmut           4%         N/A       88%         5


Dungeon Overview and Level Annotations

Branches:
Dungeon (4/15)
 Temple: D:4-7

Altars:

Shops:
D:2 [:=


Innate Abilities, Weirdness & Mutations

Your plain brown scales are hard. (AC +5)
You cannot fit into any form of body armour.
You are cold-blooded and may be slowed by cold attacks.


Message History

You claw the gnoll shaman, but do no damage.
You headbutt the gnoll shaman, but do no damage.
The gnoll shaman is severely wounded.
The gnoll shaman calls upon its god to speed up the gnoll.
The gnoll seems to speed up.
Unknown command.
You hit the gnoll shaman but do no damage.
You tail-slap the gnoll shaman, but do no damage.
The gnoll shaman is severely wounded.
Your horns disappear.
Your talons disappear.
The gnoll closely misses you.
The gnoll shaman hits you with a +0 whip!
You hit the gnoll shaman.
You kill the gnoll shaman!
The gnoll hits you with a +0 club.
The gnoll hits you from afar with a +0 spear.
The gnoll misses you.
You are too injured to fight recklessly!
You are too injured to fight recklessly!
Unknown command.
Unknown command.
The gnoll hits you but does no damage. The gnoll closely misses you.
You fly upwards.
The orc shouts!
You hear a shout!
The orc hits you with a +0 dagger.
There is a stone staircase leading down here.
Unknown command.
Unknown command.
Unknown command.
The gnoll hits you but does no damage. The orc barely misses you.
The gnoll hits you with a +0 club!
* * * LOW HITPOINT WARNING * * *
The orc hits you with a +0 dagger.
* * * LOW HITPOINT WARNING * * *
The gnoll hits you with a +0 club.
* * * LOW HITPOINT WARNING * * *
The orc priest looks braver for a moment.
Items here: )) [[.
The gnoll hits you with a +0 club!
You die...

#....).....o................
#...###...#.###.....###.#..#
#...# #...#.###.###.###.####
#...# #..(........#......[..
#...###..##....####..##.#...
#####...[...................
#.##>..oo#.#####........ #.
#####g#.#####...##... #
#@#.#............
#.#.#.###...###.# #.#.#.#
#....... #.# #.# #.#.###..
#.# #<# #.### #.# ### #.#
#.# ..# #.# ###


You could see a gnoll (fast) and 2 orcs.

Vanquished Creatures
  A gnoll shaman (D:4)
  Jessica (D:2)
  4 gnolls
  2 adders (D:3)
  2 dart slugs (D:1)
  5 orcs (D:3)
  4 bats
  6 endoplasms
  4 giant cockroaches
  5 goblins
  5 hobgoblins
  4 jackals (D:1)
  A quokka (D:1)
  A ball python (D:1)
  3 frilled lizards
  3 kobolds (D:1)
  4 rats
55 creatures vanquished.

Notes
Turn   | Place    | Note
-------+----------+-------------------------------------------
     0 | D:1      | Morbidden the Draconian Transmuter began the quest for the
                  | Orb.
     0 | D:1      | Reached XP level 1. HP: 16/16 MP: 3/3
   261 | D:1      | Reached XP level 2. HP: 23/23 MP: 3/5
   964 | D:1      | Reached XP level 3. HP: 28/28 MP: 4/6
   985 | D:1      | Found a faded altar of an unknown god.
  1437 | D:2      | Found Mahuusip's Jewellery Shop.
  1458 | D:2      | Found Uwki's Book Shop.
  1601 | D:2      | Found Zulighitt's Armour Shoppe.
  1659 | D:2      | HP: 1/29 [gnoll/+0 whip (6)]
  2334 | D:2      | Reached XP level 4. HP: 35/36 MP: 7/7
  2386 | D:2      | Noticed Jessica
  2402 | D:2      | Killed Jessica
  3006 | D:3      | Reached skill level 1 in Throwing
  3006 | D:3      | Reached XP level 5. HP: 29/42 MP: 9/9
  3458 | D:3      | Slain by a gnoll

Illustrated notes

Levels and vault maps discovered:
D:1:      psy_arrival_dodecagon, layout_loops_ring, basic_ecumenical_altar
D:2:      layout_rooms, serial_shops, nicolae_shop_crystal, shop_coins, shop,
          uniq_jessica
D:3:      layout_basic
D:4:      layout_basic

Skill      XL: |  1  2  3  4 |
---------------+-------------+-----
Fighting       | 2 |  2.5
Dodging        | 2 |  2.2
Throwing       | 1 |  1.2
Stealth        | |  0.4
Unarmed Combat | |  3.9
Spellcasting   | |  2.8
Transmutations | |  2.8

Action                   |  1- 3 |  4- 6 || total
-------------------------+-------+-------++-------
Melee: Unarmed           |   131 |    63 ||   194
       Headbutt          |    10 |     5 ||    15
       Tailslap          |    11 |     9 ||    20
       Kick              |    15 |     9 ||    24
       Punch             |     2 |     1 ||     3
Throw: Dart              |    24 |    32 ||    56
 Cast: Beastly Appendage |    15 |     7 ||    22
  Use: Potion            |       |     1 ||     1
 Stab: Sleeping          |     1 |       ||     1
Armor: Skin              |    47 |    19 ||    66
Dodge: Dodged            |   105 |    54 ||   159

Table legend: (Time is in decaauts)
 A = Elapsed time spent in this place.
 B = Non-inter-level travel time spent in this place.
 C = Inter-level travel time spent in this place.
 D = Time resting spent in this place.
 E = Time spent auto-exploring this place.
 F = Levels seen in this place.
 G = Mean time per level.
                   A        B        C        D        E       F      G
               +--------+--------+--------+--------+--------+-----+--------+
         Total |   3454 |   3366 |     88 |    772 |   2022 |   4 |  863.5 |
       Dungeon |   3454 |   3366 |     88 |    772 |   2022 |   4 |  863.5 |
               +--------+--------+--------+--------+--------+-----+--------+

Top non-repeatable levels by time:
     D:1: 1803 daAuts
     D:2: 964 daAuts
     D:4: 423 daAuts
     D:3: 262 daAuts
